 Dungeon Crawl Stone Soup version 0.23.2-30-g0e89c35649 (webtiles) character file.

Game seed: 2176829467511847800

135 doot the Magician (level 4, 0/24 HPs)
             Began as a Deep Elf Wizard on June 11, 2019.
             Killed by nerve-wracking pain
             ... invoked by a shadow imp
              (12 damage)
             ... on level 4 of the Dungeon.
             The game lasted 00:05:33 (4001 turns).

doot the Magician (Deep Elf Wizard)                 Turns: 4001, Time: 00:05:33

Health: 0/24       AC:  2    Str:  4    XL:     4   Next: 97%
Magic:  2/14       EV: 13    Int: 24    God:
Gold:   139        SH:  0    Dex: 13    Spells: 2/15 levels left

rFire    . . .     SeeInvis .   i - +0 dagger
rCold    . . .     Gourm    .   (no shield)
rNeg     . . .     Faith    .   a - +0 robe
rPois    .         Spirit   .   b - +0 hat
rElec    .         Reflect  .   (no cloak)
rCorr    .         Harm     .   (no gloves)
MR       .....                  (no boots)
Stlth    ++........             (no amulet)
HPRegen  0.08/turn              (no ring)
MPRegen  0.14/turn              (no ring)

@: very slightly contaminated
A: no striking features
a: no special abilities


You were on level 4 of the Dungeon.
You were not hungry.

You visited 1 branch of the dungeon, and saw 4 of its levels.

You collected 139 gold pieces.

Inventory:

Hand Weapons
 h - a +0 short sword
 i - a +0 dagger (weapon)
Armour
 a - a +0 robe (worn)
 b - a +0 hat (worn)
Jewellery
 q - an uncursed ring of ice {unknown}
 s - an uncursed ring of see invisible {unknown}
Wands
 p - a wand of flame (14)
Scrolls
 c - 5 scrolls of identify {unknown}
 e - 3 scrolls of teleportation {unknown}
 f - 3 scrolls of remove curse {unknown}
 g - 3 scrolls of magic mapping {unknown}
 m - a scroll of noise {unknown}
 o - a scroll of enchant weapon {unknown}
 r - 2 scrolls of blinking {unknown}
Potions
 j - a potion of haste
 k - a potion of ambrosia {unknown}
 l - 3 potions of curing {unknown}
 n - a potion of flight {unknown}
Comestibles
 d - 6 rations


   Skills:
 + Level 0.1 Fighting
 + Level 2.8 Dodging
 + Level 3.2 Stealth
 + Level 6.3 Spellcasting
 + Level 2.7 Conjurations
 + Level 1.1 Summonings
 + Level 1.4 Translocations


You had 2 spell levels left.
You knew the following spells:

 Your Spells              Type           Power        Failure   Level  Hunger
a - Magic Dart            Conj           ###.         2%          1    None
b - Blink                 Tloc           N/A          6%          2    None
c - Call Imp              Summ           ##......     8%          2    None
d - Slow                  Hex            #.......     12%         2    None
e - Conjure Flame         Conj/Fire      ##......     13%         3    None
f - Mephitic Cloud        Conj/Pois/Air  ##......     16%         3    None

Your spell library contained the following spells:

 Spells                   Type           Power        Failure   Level  Hunger


Dungeon Overview and Level Annotations

Branches:
Dungeon (4/15)
 Temple: D:4-7

Altars:
Elyvilon
The Shining One


Message History

Confirm with . or Enter, or press ? or * to list all spells.
You don't have enough magic to cast that spell.
Unknown command.
Casting: Mephitic Cloud (safe; 16% risk of failure)
Confirm with . or Enter, or press ? or * to list all spells.
Aiming: Magic Dart (safe; 2% risk of failure)
Press: ? - help, Shift-Dir - straight line, f/p - worker ant
Aim: a worker ant (heavily wounded)
The magic dart hits the worker ant but does no damage.
The worker ant is heavily wounded.
Found 12 gold pieces.
You see here a ration.
A shadow imp comes into view.
The shadow imp shouts, "Crawl home, thou mewling ruttish pumpion!"
The shadow imp gestures at you. Pain shoots through your body!
The shadow imp gestures at you. Pain shoots through your body!
Ouch! That really hurt!
You die...

#%..#####
#...#
#..a#
#...#
#...#
#...####
#......#
##..##.#
#..##@#
....##.#
###.###5#
#. #.# #.
#.# #.
#.# ..#
###


You could see a shadow imp.

Vanquished Creatures
  A worker ant (D:4)
  4 adders (D:3)
  An ooze (D:3)
  4 worms
  A dart slug (D:3)
  3 leopard geckos
  An orc (D:3)
  8 bats
  5 goblins
  4 hobgoblins
  4 jackals (D:3)
  2 quokkas
  A ball python (D:2)
  A frilled lizard (D:1)
  9 kobolds
  A leopard gecko skeleton (D:4)
  3 rats
53 creatures vanquished.

Vanquished Creatures (others)
  A plant (D:4)
1 creature vanquished.

Grand Total: 54 creatures vanquished

Notes
Turn   | Place    | Note
-------+----------+-------------------------------------------
     0 | D:1      | doot the Deep Elf Wizard began the quest for the Orb.
     0 | D:1      | Reached XP level 1. HP: 10/10 MP: 7/7
   190 | D:1      | Reached XP level 2. HP: 15/15 MP: 6/9
   253 | D:1      | Reached skill level 5 in Spellcasting
  1015 | D:2      | Learned a level 2 spell: Blink
  1018 | D:2      | Learned a level 2 spell: Call Imp
  1021 | D:2      | Learned a level 2 spell: Slow
  1575 | D:2      | Reached XP level 3. HP: 19/19 MP: 1/11
  1649 | D:2      | Learned a level 3 spell: Conjure Flame
  2881 | D:3      | Learned a level 3 spell: Mephitic Cloud
  2961 | D:3      | Reached XP level 4. HP: 24/24 MP: 6/13
  3298 | D:3      | Reached skill level 6 in Spellcasting
  3531 | D:3      | Found a glowing golden altar of the Shining One.
  3534 | D:3      | Found a white marble altar of Elyvilon.
  3713 | D:3      | Found a faded altar of an unknown god.
  4001 | D:4      | Killed from afar by a shadow imp

Skill      XL: |  1  2  3  4 |
---------------+-------------+-----
Spellcasting   | 5 6 |  6.3
Conjurations   | 2 |  2.7
Stealth        | 3 |  3.2
Fighting       | |  0.1
Dodging        | |  2.8
Summonings     | |  1.1
Translocations | |  1.4

Action                   |  1- 3 |  4- 6 || total
-------------------------+-------+-------++-------
Melee: Dagger            |     1 |       ||     1
 Cast: Magic Dart        |   141 |    49 ||   190
       Blink             |     1 |     2 ||     3
       Conjure Flame     |       |     1 ||     1
  Eat: Chunk             |     6 |     3 ||     9
Armor: Robe              |     4 |     5 ||     9
Dodge: Dodged            |    17 |     5 ||    22
